 Dungeon Crawl Stone Soup version 0.22.1-1-ga44c0e56f4 (webtiles) character file.

682857 OdinFK the Minotaur Barricade (level 27, -6/273 HPs)
             Began as a Minotaur Berserker on Sept 23, 2018.
             Was the Champion of Trog.
             Killed from afar by a hellion (29 damage)
             ... with damnation
             ... on level 4 of Gehenna on Sept 24, 2018.
             The game lasted 06:52:14 (70844 turns).

OdinFK the Minotaur Barricade (Minotaur Berserker) Turns: 70844, Time: 06:52:14

Health: -6/273     AC: 41    Str: 35    XL:     27
Magic:  22/22      EV: 15    Int:  4    God:    Trog [******]
Gold:   3629       SH: 25    Dex: 15    Spells: 26/26 levels left

rFire    + + +     SeeInvis +   R - +6 falchion "Ewnecaw" {freeze, rElec Str+2}
rCold    + . .     Gourm    .   v - +5 shield {rF+}
rNeg     + + +     Faith    .   T - +6 gold dragon scales
rPois    +         Spirit   .   S - +2 hat {SInv}
rElec    +         Reflect  .   Q - +2 cloak {MR+}
rCorr    .         Harm     .   d - +0 pair of fencer's gloves {+Riposte Dex+3}
MR       +++++     Clarity  +   Z - +0 pair of boots "Jecraawn" {rN+ MR+}
Stlth    ..........             X - amulet of the Four Winds {rN+ MR+++ Clar}
HPRegen  0.55/turn              B - ring "Riroh" {rElec rN+}
MPRegen  0.18/turn              y - ring of protection from fire

@: berserk cooldown, slowed, very slow
A: retaliatory headbutt, horns 2, talons 1, blurry vision 1, mutation resistance
1
}: 3/15 runes: barnacled, silver, gossamer
a: Berserk, Trog's Hand, Brothers in Arms, Renounce Religion


You were on level 4 of Gehenna.
You worshipped Trog.
Trog was exalted by your worship.
You were not hungry.

You visited 13 branches of the dungeon, and saw 55 of its levels.
You also visited: Trove, Ice Cave, Volcano and Wizlab.

You collected 6710 gold pieces.
You spent 3081 gold pieces at shops.

Inventory:

Hand Weapons
 a - the +8 dagger of Offence {vamp, Int+4 SInv Stlth-, unknown}
   (Trog gifted it to you on level 4 of Gehenna)

   It inflicts no extra harm, but heals its wielder when it wounds a living foe.
   It affects your intelligence (+4).
   It lets you see invisible.
   It makes you less stealthy.
 j - a +9 falchion of holy wrath
 L - the +8 rapier of Income {drain, Str+7}
   (Trog gifted it to you on level 12 of the Dungeon)

   A truly terrible weapon, it drains the life of those it strikes.
   It affects your strength (+7).
 R - the +6 falchion "Ewnecaw" (weapon) {freeze, rElec Str+2}
   (You took it off a deep elf sorcerer on level 3 of the Elven Halls)

   It has been specially enchanted to freeze those struck by it, causing extra
   injury to most foes and up to half again as much damage against particularly
   susceptible opponents.
   It can also slow down cold-blooded creatures.
   It affects your strength (+2).
   It insulates you from electricity.
 Y - a +9 antimagic scimitar
Armour
 d - the +0 pair of fencer's gloves (worn) {+Riposte Dex+3}
   (You acquired it on level 11 of the Dungeon)

   It affects your dexterity (+3).
 l - the +1 pair of boots of Gravitas {rCorr Dex+3 Slay+3}
   (You found it in a treasure trove)

   It affects your dexterity (+3).
   It affects your accuracy and damage with ranged weapons and melee attacks
   (+3).
   It provides partial protection from all sources of acid and corrosion.
 v - a +5 shield of fire resistance (worn)
 C - the +2 pair of gloves of the Mind {*Corrode rN++ Str+2}
   (You found it on level 3 of the Elven Halls)

   It affects your strength (+2).
   It greatly protects you from negative energy.
   It may corrode you when you take damage.
 E - the +7 shield "Raffaed" {Regen+ Int+3 Dex-5}
   (You found it on level 1 of the Crypt)

   It affects your intelligence (+3).
   It affects your dexterity (-5).
   It increases your rate of regeneration.
 N - the +3 plate armour of Insatiable Hunger {rElec Regen+ Dex+9 Stlth-}
   (You bought it in a shop on level 2 of the Orcish Mines)

   It affects your dexterity (+9).
   It insulates you from electricity.
   It increases your rate of regeneration.
   It makes you less stealthy.
 O - the +6 ring mail "Faoxyxan" {rF++ Dex+7 SInv}
   (You found it on level 4 of the Shoals)

   It affects your dexterity (+7).
   It greatly protects you from fire.
   It lets you see invisible.
 Q - a +2 cloak of magic resistance (worn)
 S - a +2 hat of see invisible (worn)
 T - +6 gold dragon scales (worn)
 W - the +3 pair of gauntlets of War {Slay+5}
   (You found it in a treasure trove)

   It affects your accuracy and damage with ranged weapons and melee attacks
   (+5).
 Z - the +0 pair of boots "Jecraawn" (worn) {rN+ MR+}
   (You found it in a treasure trove)

   It protects you from negative energy.
   It affects your resistance to hostile enchantments.
Jewellery
 h - an uncursed ring of protection from cold
 y - a ring of protection from fire (right hand)
 B - the ring "Riroh" (left hand) {rElec rN+}
   (You found it on level 3 of the Crypt)

   [ring of positive energy]

   It insulates you from electricity.
   It protects you from negative energy.
 H - an uncursed ring of positive energy
 X - the amulet of the Four Winds (around neck) {rN+ MR+++ Clar}
   (You bought it in a shop on level 1 of the Elven Halls)

   [amulet of nothing]

   It protects you from negative energy.
   It affects your resistance to hostile enchantments.
   It protects you against confusion.
Wands
 p - a wand of digging (55)
 t - a wand of disintegration (42)
Scrolls
 b - 25 scrolls of identify
 f - 20 scrolls of teleportation
 i - 5 scrolls of enchant weapon
 n - 3 scrolls of brand weapon
 q - 9 scrolls of magic mapping
 u - 2 scrolls of blinking
 x - 7 scrolls of fear
 z - 2 scrolls of holy word
 A - 9 scrolls of fog
 I - a scroll of silence
 J - 26 scrolls of remove curse
 U - a scroll of summoning
Potions
 e - 4 potions of agility
 g - 12 potions of curing
 m - 2 potions of resistance
 r - 7 potions of haste
 s - 2 potions of flight
 w - 6 potions of heal wounds
 D - a potion of ambrosia
 F - 7 potions of brilliance
 G - 7 potions of might
 K - 3 potions of cancellation
 M - 2 potions of mutation
Comestibles
 c - 43 rations


   Skills:
 O Level 27 Fighting
 + Level 23.6(26.3) Short Blades
 + Level 22.8(26.9) Long Blades
 + Level 24.6 Armour
 + Level 12.2 Dodging
 + Level 4.8 Stealth
 O Level 27 Shields
 + Level 0.6 Evocations


You had 26 spell levels left.
You didn't know any spells.
Your spell library was empty.

Dungeon Overview and Level Annotations

Branches:
Dungeon (15/15)            Temple (0/1) D:6            Lair (6/6) D:11
 Shoals (4/4) Lair:3       Spider (4/4) Lair:2        Slime (2/5) Lair:5
    Orc (2/2) D:12            Elf (3/3) Orc:2        Vaults (5/5) D:14
  Crypt (3/3) Vaults:3       Tomb (1/3) Crypt:3      Depths (5/5) D:15
   Hell (1/1)                 Dis (0/7) Hell            Geh (4/7) Hell
    Coc (0/7) Hell            Tar (0/7) Hell            Zot (0/5) Depths:5

Altars:
Cheibriados
Elyvilon
Fedhas
Gozag
Kikubaaqudgha
Makhleb
Nemelex Xobeh
Ru
Xom
Yredelemnul
The Shining One
Beogh

Shops:
D:5 ?   D:8 =   D:10 ?   Orc:2 :*[(   Elf:1 }==   Vaults:1 ?   Vaults:4 [
Vaults:5 (   Depths:1 %:?[   Depths:4 :

Portals:
Hell: Lair:6 Depths:1 Depths:2 Depths:3 Depths:4 Depths:5
Abyss: Depths:4 Depths:5
Pandemonium: Depths:3 Depths:4
Ziggurat: Depths:3

Annotations:
D:4 exclusion: oklob plant


Innate Abilities, Weirdness & Mutations

You reflexively headbutt those who attack you in melee.
You have a pair of horns on your head.
You have sharp toenails.
Scrolls take you a little longer to read.
You are somewhat resistant to further mutation.


Message History

The harpy skeleton claws you but does no damage.
The harpy skeleton claws you.
* * * LOW HITPOINT WARNING * * *
The harpy skeleton completely misses you.
You furiously retaliate!
You headbutt the harpy skeleton.
You riposte.
You slice the harpy skeleton!! You headbutt the harpy skeleton.
You destroy the harpy skeleton!
Trog accepts your kill. The hellion gestures at you.
The sphere of damnation explodes!
The damnation engulfs you!
* * * LOW HITPOINT WARNING * * *
The hellion gestures at you.
The sphere of damnation explodes!
The damnation engulfs you!
* * * LOW HITPOINT WARNING * * *
You feel much better.
Your skin stops crawling.
You feel less resistant to hostile enchantments.
The hellion gestures at you.
The sphere of damnation explodes!
The damnation engulfs you!
You die...

..2....## ##### .....###
##.).# #####
..2#######)††.###...####
....2..Z...))..........##
...########.≈.)....#....#
....# #..≈2....+..^.# ...##
#.....#####..## ...##
########.##..#### #...#
#..†.†.#.@....###
#..#####..÷...#≈≈......##
#..###..>†..†.#...≈≈≈...#
#....#.#....†.#.#..§...##
##.....########.......##
).............§§≈....#######
.........≈..≈≈≈§≈≈....#.##.##
.)...#...≈..§§§≈≈≈..........#
)........≈.§.≈≈≈§..§§......##


You could see a hellion.

Vanquished Creatures
  5 ancient liches
  2 juggernauts
  Sojobo (Vaults:4)
  Saint Roka (Vaults:4)
  Xtahua (Depths:3)
  A large abomination (Depths:4)
  Geryon (Hell)
  5 golden dragons
  Arachne (Spider:4)
  26 Brimstone Fiends
  An Ice Fiend (Geh:4)
  Rupert (Lair:5)
  9 tentacled monstrosities
  12 liches
  2 deep elf blademasters
  2 deep elf master archers (Elf:3)
  2 titans
  Murray (Hell)
  8 sphinxes
  2 krakens (Shoals:4)
  Polyphemus (Shoals:3)
  An eldritch tentacle (Geh:3)
  12 tengu reavers
  An acid blob (Slime:1)
  Agnes (Elf:2)
  2 ancient champions
  2 storm dragons
  8 shadow dragons
  Roxanne (Spider:3)
  Donald (Elf:2)
  A draconian monk (Depths:5)
  6 revenants
  9 frost giants
  12 fire giants
  3 azure jellies
  14 vault wardens
  6 ghost moths
  An orc warlord (Orc:2)
  2 emperor scorpions
  7 deep elf sorcerers
  2 iron dragons
  13 balrugs
  3 ghouls (Crypt:1)
  5 deep elf elementalists
  3 curse skulls
  5 draconian annihilators (Depths:5)
  11 reapers
  2 juggernaut zombies
  A draconian shifter (Depths:5)
  19 ironheart preservers
  22 stone giants
  6 entropy weavers
  28 very ugly things
  4 war gargoyles
  11 vampire knights
  10 deep elf demonologists
  3 green draconians (Depths:5)
  6 purple draconians (Depths:5)
  2 black draconians (Depths:5)
  6 deep elf annihilators
  3 white draconians (Depths:5)
  A spectral titan (Crypt:3)
  9 spark wasps
  4 red draconians (Depths:5)
  4 blizzard demons
  The ghost of Eurus the Thaumaturge, a journeyman DrTm of the Shining One (Orc:1)
  6 eidola
  20 ettins
  7 merfolk impalers
  4 merfolk javelineers
  A death ooze (Slime:2)
  8 jiangshi
  A great orb of eyes (shapeshifter) (Depths:2)
  13 deep elf death magi
  8 great orbs of eyes
  A quicksilver dragon zombie (Geh:4)
  19 ogre magi
  2 mummy priests (WizLab)
  11 fire dragons
  9 deep elf high priests
  The ghost of Eurus the Thaumaturge, a journeyman DrTm of the Shining One (Lair:1)
  Fannar (Lair:1)
  4 rakshasas
  4 hydras
  10 ice dragons
  4 quicksilver dragon skeletons
  3 catoblepae
  The ghost of Mirch the Cleaver, a journeyman DsGl of Okawaru (Lair:1)
  16 yaktaur captains
  38 vault guards
  The ghost of Qetijior the Arsonist, a journeyman OpFE of Vehumet (Lair:1)
  6 centaur warriors
  3 merfolk aquamancers (Shoals:4)
  5 merfolk avatars
  The ghost of Zatzarr the Cleaver, a journeyman DsGl of Okawaru (Lair:1)
  3 death knights
  6 spriggan air magi
  An alligator snapping turtle (Shoals:4)
  41 two-headed ogres
  19 deep troll shamans
  14 tengu warriors
  4 vampire magi
  12 deep troll earth magi
  3 satyrs
  16 death yaks
  A spectral storm dragon (Crypt:3)
  21 dancing weapons
  An orc high priest (Orc:2)
  A spriggan berserker (Depths:4)
  41 hell hogs
  2 small abominations
  17 deep elf knights
  A shock serpent (shapeshifter) (Depths:4)
  4 storm dragon zombies
  Nergalle (Lair:3)
  3 titan skeletons (Geh:2)
  A soul eater (Crypt:3)
  22 sun demons
  4 titan zombies
  19 shadow wraiths
  26 skeletal warriors
  48 slime creatures
  2 storm dragon skeletons
  3 anaconda zombies
  5 iron trolls (Depths:4)
  The ghost of Rowegib the Jinx, a novice SpCj of Sif Muna (Lair:1)
  43 deep trolls
  92 hell knights
  An unseen horror (shapeshifter) (Depths:1)
  4 glowing orange brains
  6 unseen horrors
  5 death drakes (Depths:5)
  4 wizards
  2 golden dragon zombies
  8 sea snakes
  A swamp dragon (shapeshifter) (Vaults:4)
  An orange crystal statue (Shoals:1)
  19 flayed ghosts
  27 phantasmal warriors
  4 golden dragon skeletons
  8 deep elf archers
  27 necromancers
  15 ironbrand convokers
  4 lindwurms (Depths:5)
  18 orc knights
  A shining eye (Slime:2)
  54 ugly things
  17 harpies
  A faun (shapeshifter) (Vaults:2)
  5 frost giant zombies
  3 iron dragon zombies
  39 wolf spiders
  16 orb spiders
  7 orc sorcerers
  7 fauns (Shoals:2)
  A spectral ettin (Crypt:3)
  3 fire giant zombies
  3 shadow dragon skeletons
  3 spectral fire dragons (Crypt:3)
  18 cyclopes
  A manticore (shapeshifter) (Vaults:5)
  2 stone giant zombies
  11 manticores
  34 deep elf magi
  2 salamanders (Depths:4)
  A demonspawn zombie (WizLab)
  5 elephants (Lair:5)
  8 merfolk sirens
  An iron dragon skeleton (Crypt:2)
  4 moths of wrath
  2 moths of wrath (shapeshifter)
  4 water nymphs
  3 centaur zombies
  5 black mambas
  3 fire giant skeletons
  2 dire elephant zombies
  4 molten gargoyles
  3 ice statues (IceCv)
  3 stone giant skeletons
  A torpor snail (Spider:4)
  3 rust devils
  A frost giant skeleton (Geh:4)
  7 smoke demons
  17 vault sentinels
  3 orange demons (Lair:6)
  2 gargoyles
  11 spiny frogs
  2 human zombies
  2 kobold demonologists (D:14)
  A yaktaur zombie (WizLab)
  A red draconian zombie (Crypt:3)
  A rime drake (shapeshifter) (Depths:1)
  7 rime drakes
  An elephant slug zombie (Crypt:3)
  6 dire elephant skeletons
  7 tengu conjurers
  10 demonic crawlers
  A komodo dragon (shapeshifter) (Vaults:5)
  48 yaktaurs
  A spriggan zombie (WizLab)
  7 hellions
  A green draconian zombie (Geh:2)
  6 tormentors
  6 komodo dragons
  An ice devil (Lair:6)
  7 efreet
  10 freezing wraiths
  A golden dragon simulacrum (Crypt:2)
  11 guardian mummies
  27 red devils
  A pale draconian skeleton (Crypt:2)
  A harpy zombie (Geh:4)
  2 jumping spiders (shapeshifter)
  22 merfolk
  56 jumping spiders
  7 wind drakes
  3 polar bears
  4 hydra zombies
  7 hornets
  5 hydra skeletons
  2 trolls
  A polar bear (shapeshifter) (D:14)
  4 ettin zombies
  13 blink frogs
  7 hippogriffs
  2 harpy skeletons
  11 dream sheep
  An alligator zombie (Hell)
  A meliai zombie (D:12)
  3 fire dragon zombies
  2 ice dragon zombies
  A spectral black mamba (Crypt:3)
  A hippogriff (shapeshifter) (Depths:4)
  A bog body (Crypt:1)
  9 snapping turtles
  A stone giant simulacrum (Vaults:2)
  A dream sheep (shapeshifter) (Depths:4)
  A fire giant simulacrum (Vaults:1)
  A black mamba zombie (Geh:1)
  A vampire (D:12)
  4 ettin skeletons
  6 fire dragon skeletons
  2 air elementals
  58 flying skulls
  23 shadows
  24 water elementals
  35 wraiths
  81 redbacks
  24 fire elementals
  30 tarantellas
  7 wyverns
  3 alligator skeletons
  51 yaks
  A golden eye (shapeshifter) (Vaults:2)
  2 basilisks (shapeshifter)
  3 basilisks
  4 ice dragon skeletons
  3 fire bats (Volcano)
  5 hungry ghosts (Crypt:3)
  A vampire mosquito (D:14)
  18 humans (D:14)
  A yaktaur simulacrum (Vaults:2)
  11 wargs
  A merfolk zombie (Geh:3)
  A spatial vortex (Geh:3)
  An acid dragon (shapeshifter) (Vaults:3)
  An infernal demonspawn zombie (WizLab)
  3 acid dragons
  31 hell hounds
  Duvessa (D:7)
  13 water moccasins
  4 spiny frog zombies
  A snapping turtle zombie (Geh:2)
  3 black bears
  5 porcupines
  14 ice beasts
  49 orc warriors
  A merfolk skeleton (Geh:2)
  A swamp dragon zombie (Geh:1)
  2 sky beasts
  A spiny frog skeleton (Hell)
  An eye of draining (Slime:1)
  2 hornet zombies
  3 swamp drakes (Depths:5)
  3 phantoms
  An ogre (shapeshifter) (Depths:4)
  3 boggarts (Depths:4)
  57 ogres
  14 necrophages
  A swamp dragon skeleton (Crypt:2)
  11 crocodiles
  13 wolves
  23 centaurs
  A manticore skeleton (Geh:1)
  4 big kobolds (D:14)
  A rime drake zombie (Crypt:1)
  A gnoll sergeant (D:9)
  An earth elemental (Elf:3)
  8 bullfrogs
  2 wyvern zombies
  A spiny frog simulacrum (Hell)
  A warg zombie (Crypt:3)
  A water moccasin skeleton (D:5)
  7 scorpions
  Dowan (D:7)
  5 killer bees
  A polar bear zombie (Crypt:3)
  A troll zombie (Geh:1)
  A human simulacrum (Vaults:2)
  A troll skeleton (Crypt:1)
  A spriggan skeleton (Crypt:3)
  52 wights
  4 electric eels
  A vampire bat (D:3)
  A howler monkey (D:6)
  17 crimson imps
  A quasit (Depths:3)
  2 bullfrog zombies
  9 jellies
  A gnoll shaman (D:7)
  A human skeleton (Geh:3)
  30 orc priests
  2 bullfrog skeletons
  4 centaur skeletons
  6 hounds
  An iron imp (Depths:5)
  36 orc wizards
  7 iguanas
  14 worker ants
  6 hell rats (Lair:4)
  An ogre zombie (Geh:4)
  2 crocodile zombies
  A deep dwarf skeleton (Crypt:3)
  A hound skeleton (D:9)
  3 worker ant zombies (D:11)
  Robin (D:2)
  8 adders
  16 gnolls
  3 shadow imps
  16 white imps
  11 oozes (Lair:4)
  4 adder skeletons
  2 adder zombies
  3 worms
  3 dart slugs
  4 leopard geckos
  111 orcs
  5 ball pythons
  8 bats
  3 bat skeletons (D:3)
  4 bat zombies (D:3)
  4 giant cockroaches
  17 goblins
  13 hobgoblins
  25 jackals
  6 kobolds
  2 quokkas (D:2)
  A river rat zombie (Crypt:1)
  A ball python skeleton (Crypt:2)
  A ball python zombie (Crypt:1)
  9 frilled lizards
  A jackal skeleton (D:4)
  A jackal zombie (D:7)
  A kobold skeleton (Crypt:1)
  A kobold zombie (Geh:4)
  An orc skeleton (Geh:1)
  2 orc zombies
  A quokka zombie (D:7)
  2 rats (D:1)
  A river rat skeleton (Crypt:1)
  2 crawling corpses (Elf:3)
  6 tentacles (Shoals:4)
3061 creatures vanquished.

Vanquished Creatures (collateral kills)
  A bone dragon (Geh:4)
  An eldritch tentacle (Geh:4)
  Ilsuiw (Shoals:3)
  A vault guard (Vaults:5)
  A hell hog (Geh:4)
  A merfolk siren (Shoals:3)
  A hellion (Geh:4)
  A merfolk (Shoals:3)
  A snapping turtle (Shoals:3)
  A hell hound (Geh:4)
  5 wights (Geh:4)
  A crimson imp (Geh:4)
  2 white imps (Geh:4)
18 creatures vanquished.

Vanquished Creatures (others)
  A lich (Depths:2)
  4 hell hogs
  An anaconda zombie (Geh:4)
  A lindwurm (Depths:5)
  A necromancer (Geh:1)
  An orb spider (Spider:4)
  A flying skull (Geh:4)
  A shadow (Geh:1)
  A tarantella (Spider:4)
  A swamp drake (Depths:5)
  2 wights (Geh:3)
  A white imp (Geh:4)
  13 fungi
  24 plants
  15 tentacles (Shoals:4)
68 creatures vanquished.

Grand Total: 3147 creatures vanquished

Notes
Turn   | Place    | Note
-------+----------+-------------------------------------------
     0 | D:1      | OdinFK the Minotaur Berserker began the quest for the Orb.
     0 | D:1      | Reached XP level 1. HP: 19/19 MP: 0/0
   141 | D:1      | Reached XP level 2. HP: 19/27 MP: 1/1
   295 | D:1      | Reached XP level 3. HP: 29/33 MP: 2/2
   595 | D:2      | Reached ** piety under Trog
   687 | D:2      | Noticed Robin
   697 | D:2      | Killed Robin
   698 | D:2      | Reached XP level 4. HP: 41/41 MP: 3/3
   710 | D:2      | Reached skill level 5 in Long Blades
  1130 | D:2      | Reached skill level 1 in Shields
  1143 | D:2      | Reached *** piety under Trog
  1191 | D:2      | Reached XP level 5. HP: 32/47 MP: 4/4
  1793 | D:3      | Found a white marble altar of Elyvilon.
  2273 | D:3      | Found an ancient bone altar of Kikubaaqudgha.
  2501 | D:4      | Reached XP level 6. HP: 53/53 MP: 5/5
  2928 | D:4      | Reached **** piety under Trog
  3159 | D:4      | Found a blossoming altar of Fedhas.
  3172 | D:4      | Noticed an oklob plant
  3281 | D:5      | Entered Level 5 of the Dungeon
  3441 | D:5      | Reached XP level 7. HP: 59/60 MP: 6/6
  3515 | D:5      | Reached skill level 5 in Fighting
  3515 | D:5      | Reached skill level 5 in Shields
  3551 | D:5      | Found Bieziwne's Magic Scroll Emporium.
  3554 | D:5      | Bought a scroll of remove curse for 36 gold pieces
  3617 | D:5      | Found a snail-covered altar of Cheibriados.
  3641 | D:5      | Found a shimmering altar of Xom.
  3643 | D:5      | Found a shimmering altar of Xom.
  3644 | D:5      | Found a shimmering altar of Xom.
  3644 | D:5      | Found a shimmering altar of Xom.
  3659 | D:5      | Found a shimmering altar of Xom.
  3682 | D:5      | Found a shimmering altar of Xom.
  3682 | D:5      | Found a shimmering altar of Xom.
  3811 | D:5      | Reached XP level 8. HP: 66/68 MP: 7/7
  4137 | D:6      | Reached skill level 5 in Armour
  4232 | D:6      | Found a sparkling altar of Nemelex Xobeh.
  4480 | D:6      | Found a faded altar of an unknown god.
  4481 | D:6      | Found a staircase to the Ecumenical Temple.
  4658 | D:7      | Reached XP level 9. HP: 69/74 MP: 8/8
  4934 | D:7      | Reached skill level 10 in Long Blades
  5887 | D:7      | Noticed Duvessa
  5887 | D:7      | Noticed Dowan
  5895 | D:7      | Killed Dowan
  5895 | D:7      | Reached ***** piety under Trog
  5905 | D:7      | Killed Duvessa
  6073 | D:8      | Found Sovvoo's Jewellery Emporium.
  6674 | D:9      | Reached XP level 10. HP: 60/84 MP: 9/9
  6709 | D:9      | Found a glowing golden altar of the Shining One.
  6732 | D:9      | Found the +8 autumn katana {slice, Clar}
  6874 | D:9      | Reached skill level 10 in Shields
  7307 | D:10     | Entered Level 10 of the Dungeon
  7307 | D:10     | Noticed a two-headed ogre
  7387 | D:10     | Killed a two-headed ogre
  7647 | D:10     | Received a gift from Trog
  7703 | D:10     | Found Somaqasm's Magic Scroll Shoppe.
  7754 | D:10     | Killed an unseen horror
  8034 | D:10     | Got a pair of transparent gloves
  8040 | D:10     | Identified the +2 pair of gloves of Boredom {-Cast Str+3
                  | Stlth+} (You found it on level 10 of the Dungeon)
  8082 | D:10     | Noticed a death knight
  8082 | D:10     | Noticed a phantasmal warrior
  8114 | D:9      | Killed a phantasmal warrior
  8497 | D:11     | Reached XP level 11. HP: 92/92 MP: 3/10
  8669 | D:11     | Got a crude leather armour
  8795 | D:11     | Found a staircase to the Lair.
  9398 | D:12     | Reached skill level 10 in Armour
  9436 | D:12     | Noticed a two-headed ogre
  9450 | D:12     | Received a gift from Trog
  9460 | D:12     | Killed a two-headed ogre
  9466 | D:12     | Got a twisted rapier {god gift}
  9469 | D:12     | Identified the +8 rapier of Income {drain, Str+7} (Trog
                  | gifted it to you on level 12 of the Dungeon)
  9577 | D:12     | Noticed a five-headed hydra
  9625 | D:12     | Killed a five-headed hydra
  9730 | D:12     | Reached skill level 1 in Short Blades
  9853 | D:12     | Found a staircase to the Orcish Mines.
 10107 | D:12     | Reached XP level 12. HP: 103/103 MP: 11/11
 10521 | D:13     | Reached skill level 5 in Short Blades
 10531 | D:13     | Reached ****** piety under Trog
 10703 | D:13     | Received a gift from Trog
 10950 | D:13     | Noticed a two-headed ogre
 10955 | D:13     | Killed a two-headed ogre
 10961 | D:13     | Noticed a tengu warrior
 10962 | D:13     | Noticed a tengu warrior
 10982 | D:13     | Killed a tengu warrior
 10988 | D:13     | Killed a tengu warrior
 11523 | D:14     | Noticed a catoblepas
 11608 | D:14     | Noticed a four-headed hydra
 11619 | D:14     | Killed a four-headed hydra
 11619 | D:14     | Reached XP level 13. HP: 103/111 MP: 12/12
 12114 | D:14     | Reached skill level 15 in Shields
 12233 | D:14     | Received a gift from Trog
 12275 | D:14     | Found a gate to the Vaults.
 12282 | D:14     | Reached skill level 10 in Fighting
 12282 | D:14     | Reached skill level 1 in Stealth
 12302 | D:14     | Reached skill level 10 in Short Blades
 12598 | Orc:1    | Entered Level 1 of the Orcish Mines
 12891 | D:12     | Identified the +1 leather armour of the Eleven People
                  | {+Blink Dex+7} (You took it off an orc on level 11 of the
                  | Dungeon)
 12974 | Orc:1    | Found a runed door.
 12975 | Orc:1    | Noticed Eurus's ghost (journeyman DrTm)
 12997 | Orc:1    | Found a dark tunnel.
 13221 | Volcano  | Entered a volcano
 13257 | Volcano  | Received a gift from Trog
 13553 | Orc:1    | Killed Eurus's ghost
 13727 | Orc:2    | Entered Level 2 of the Orcish Mines
 14037 | Orc:2    | Reached XP level 14. HP: 103/122 MP: 13/13
 14041 | Orc:2    | Found a staircase to the Elven Halls.
 14296 | Orc:2    | Noticed an orc warlord
 14511 | Orc:2    | Received a gift from Trog
 14671 | Orc:2    | Killed an orc warlord
 14729 | Orc:2    | Found a roughly hewn altar of Beogh.
 14768 | Orc:2    | Found Kapecy's Antique Weapon Shoppe.
 14799 | Orc:2    | Found Qiodod's Antique Armour Shoppe.
 14814 | Orc:2    | Found Olohamno's General Store.
 15140 | Orc:2    | Found Uweih's Book Shoppe.
 15226 | Orc:2    | Bought a smoking plate armour for 560 gold pieces
 15294 | D:12     | Identified the +3 plate armour of Insatiable Hunger {rElec
                  | Regen+ Dex+9 Stlth-} (You bought it in a shop on level 2 of
                  | the Orcish Mines)
 15364 | Lair:1   | Entered Level 1 of the Lair of Beasts
 15399 | Lair:1   | Noticed Fannar
 15415 | Lair:1   | Killed Fannar
 15460 | Lair:1   | Found a runed gate.
 15460 | Lair:1   | Found a runed gate.
 15460 | Lair:1   | Found a runed gate.
 15460 | Lair:1   | Noticed Zatzarr's ghost (journeyman DsGl)
 15460 | Lair:1   | Noticed Eurus's ghost (journeyman DrTm)
 15460 | Lair:1   | Noticed Qetijior's ghost (journeyman OpFE)
 15461 | Lair:1   | Noticed Mirch's ghost (journeyman DsGl)
 15461 | Lair:1   | Noticed Rowegib's ghost (novice SpCj)
 16269 | Lair:2   | Got a pitted rapier
 16500 | Lair:2   | Found a hole to the Spider Nest.
 17287 | Lair:3   | Found a staircase to the Shoals.
 17320 | Lair:3   | Noticed Nergalle
 17344 | Lair:3   | Killed Nergalle
 17972 | Lair:3   | Identified the +4 rapier "Starlight" {freeze, Str-3 Int+3
                  | Dex+10} (You found it on level 2 of the Lair of Beasts)
 18016 | Lair:4   | Received a gift from Trog
 18945 | Lair:5   | Noticed Rupert
 18966 | Lair:5   | Killed Rupert
 18966 | Lair:5   | Reached XP level 15. HP: 132/132 MP: 10/14
 19318 | Lair:5   | Found a staircase to the Slime Pits.
 19471 | Lair:5   | Received a gift from Trog
 19611 | Lair:6   | Entered Level 6 of the Lair of Beasts
 19684 | Lair:6   | Found a frozen archway.
 19696 | IceCv    | Entered an ice cave
 20088 | IceCv    | Identified the Handbook of Dark Transformation
 20189 | Lair:6   | Reached skill level 5 in Dodging
 20503 | Lair:6   | Found a burning altar of Makhleb.
 21248 | Lair:6   | Received a gift from Trog
 21627 | Lair:6   | Found a gateway to Hell.
 21970 | D:15     | Entered Level 15 of the Dungeon
 22126 | D:15     | Found a staircase to the Depths.
 22800 | Shoals:1 | Entered Level 1 of the Shoals
 22923 | Shoals:1 | Noticed a kraken
 23247 | Shoals:2 | Reached XP level 16. HP: 115/141 MP: 13/15
 24172 | Shoals:2 | Got a warped long sword {speed}
 24548 | Shoals:2 | Identified the +3 long sword "Woappy" {speed, *Rage Dex+4
                  | Stlth+} (You took it off a merfolk on level 2 of the
                  | Shoals)
 24592 | Shoals:3 | Noticed Polyphemus
 24947 | Shoals:3 | Killed Polyphemus
 25138 | Shoals:3 | Found an opulent altar of Gozag.
 25589 | Shoals:3 | Noticed Ilsuiw
 25656 | Shoals:3 | Received a gift from Trog
 25670 | Shoals:3 | Killed Ilsuiw
 26184 | Shoals:4 | Entered Level 4 of the Shoals
 26246 | Shoals:4 | Got a scorched ring mail
 26294 | Shoals:4 | Identified the +6 ring mail "Faoxyxan" {rF++ Dex+7 SInv}
                  | (You found it on level 4 of the Shoals)
 26909 | Shoals:4 | Noticed a kraken
 27002 | Shoals:4 | Noticed a kraken
 27024 | Shoals:4 | Killed a kraken
 27224 | Shoals:4 | Killed a kraken
 27615 | Shoals:4 | Reached skill level 15 in Short Blades
 27754 | Shoals:4 | Received a gift from Trog
 27770 | Shoals:4 | Reached XP level 17. HP: 93/151 MP: 10/16
 28330 | Shoals:4 | Got a barnacled rune of Zot
 28562 | D:11     | Identified 2 scrolls of acquirement
 28564 | D:11     | Got a smelly chain mail
 28576 | D:11     | Identified the +10 chain mail of Casehib {*Contam +Fly
                  | Dex+4} (You acquired it on level 11 of the Dungeon)
 28578 | D:11     | Found the +0 pair of fencer's gloves {+Riposte Dex+3}
 28674 | Elf:1    | Entered Level 1 of the Elven Halls
 29293 | Elf:1    | You fall through a shaft!
 29534 | Elf:2    | Found a huge runed gate.
 29535 | Elf:2    | Found a huge runed gate.
 29536 | Elf:2    | Found a huge runed gate.
 29537 | Elf:2    | Found a huge runed gate.
 29538 | Elf:2    | Found a huge runed gate.
 29572 | Elf:2    | Noticed Agnes
 29624 | Elf:2    | Received a gift from Trog
 29629 | Elf:2    | Noticed a deep elf blademaster
 29648 | Elf:2    | Killed a deep elf blademaster
 29847 | Elf:2    | Killed Agnes
 30212 | Elf:2    | Noticed Donald
 30232 | Elf:2    | Killed Donald
 30978 | Elf:1    | Found Cumpub's Gadget Shoppe.
 30979 | Elf:1    | Found Udiubb Xial's Jewellery Shop.
 30979 | Elf:1    | Found Lulepic's Jewellery Shop.
 30990 | Elf:1    | Bought an uncursed ring of poison resistance for 260 gold
                  | pieces
 30994 | Elf:1    | Bought the amulet of the Four Winds {rN+ MR+++ Clar} for
                  | 702 gold pieces
 30994 | Elf:1    | Found the amulet of the Four Winds {rN+ MR+++ Clar}
 31276 | Elf:3    | Entered Level 3 of the Elven Halls
 31461 | Elf:3    | Received a gift from Trog
 31461 | Elf:3    | Reached skill level 15 in Fighting
 31750 | Elf:3    | Reached XP level 18. HP: 163/163 MP: 17/17
 31861 | Elf:3    | Noticed a Hell Sentinel
 31883 | Elf:3    | Reached skill level 15 in Armour
 32055 | Elf:3    | Got an encrusted falchion {freeze}
 32199 | Elf:3    | Identified the +6 falchion "Ewnecaw" {freeze, rElec Str+2}
                  | (You took it off a deep elf sorcerer on level 3 of the
                  | Elven Halls)
 32224 | Elf:3    | Got a heavily runed shield
 32235 | Elf:3    | Identified the +4 shield "Acut" {Regen+ Str-4 Int+10} (You
                  | acquired it on level 3 of the Elven Halls)
 32284 | Elf:3    | Gained mutation: Your muscles are strong. (Str +2)
                  | [mutagenic glow]
 33192 | Elf:3    | Got a warped chain mail
 33259 | Elf:3    | Identified the cursed +0 chain mail of Vanity {rElec Str+4
                  | Dex+4} (You took it off a deep elf master archer on level 3
                  | of the Elven Halls)
 33310 | Elf:3    | Got a pair of fine gloves
 33321 | Elf:3    | Identified the +2 pair of gloves of the Mind {*Corrode rN++
                  | Str+2} (You found it on level 3 of the Elven Halls)
 33591 | Lair:1   | Killed Qetijior's ghost
 33611 | Lair:1   | Killed Mirch's ghost
 33616 | Lair:1   | Killed Rowegib's ghost
 33640 | Lair:1   | Killed Zatzarr's ghost
 33654 | Lair:1   | Killed Eurus's ghost
 33661 | Lair:1   | Got a wavering zirconium amulet
 33677 | Lair:1   | Identified the amulet "Esiel" {+Rage Str+5} (You found it
                  | on level 1 of the Lair of Beasts)
 33735 | Spider:1 | Entered Level 1 of the Spider Nest
 34681 | Spider:2 | Received a gift from Trog
 35188 | Spider:2 | Reached XP level 19. HP: 172/172 MP: 18/18
 35748 | Spider:3 | Noticed Roxanne
 35982 | Spider:3 | Killed Roxanne
 36974 | Spider:4 | Entered Level 4 of the Spider Nest
 37024 | Spider:4 | Received a gift from Trog
 37481 | Spider:4 | Received a gift from Trog
 37548 | Spider:4 | Got a gossamer rune of Zot
 38038 | Spider:4 | Noticed Arachne
 38054 | Spider:4 | Killed Arachne
 38498 | Slime:1  | Entered Level 1 of the Pits of Slime
 39086 | Slime:2  | Received a gift from Trog
 39424 | Vaults:1 | Entered Level 1 of the Vaults
 39501 | Vaults:1 | Reached XP level 20. HP: 184/184 MP: 19/19
 39668 | Vaults:1 | Received a gift from Trog
 39700 | Vaults:1 | Found Fafem's Magic Scroll Shop.
 40163 | Vaults:1 | Found a sacrificial altar of Ru.
 40204 | Vaults:1 | Received a gift from Trog
 41025 | Vaults:2 | Found a magical portal.
 41040 | WizLab   | Entered Doroklohe's Tomb
 41308 | WizLab   | Got a distressingly furry leather armour
 41317 | WizLab   | Noticed an ancient lich
 41342 | WizLab   | Killed an ancient lich
 41631 | Vaults:2 | Received a gift from Trog
 41908 | Vaults:2 | Reached XP level 21. HP: 193/193 MP: 20/20
 42877 | Vaults:3 | Received a gift from Trog
 42942 | Vaults:3 | Found a staircase to the Crypt.
 42942 | Vaults:3 | Found an ancient bone altar of Kikubaaqudgha.
 42942 | Vaults:3 | Found a basalt altar of Yredelemnul.
 43585 | Vaults:3 | Got an ominously black robe
 43608 | Vaults:3 | Identified the +1 robe "Motiawu" {rElec rPois rN+++ Str-2}
                  | (You took it off a yaktaur on level 3 of the Vaults)
 43628 | Vaults:3 | Identified the +4 leather armour of Trog's Fury {Int+4}
                  | (You found it in a wizard's laboratory)
 43776 | Vaults:3 | Received a gift from Trog
 44191 | Vaults:4 | Noticed Saint Roka
 44490 | Vaults:4 | Killed Saint Roka
 44598 | Vaults:4 | Noticed Sojobo
 44643 | Vaults:4 | Killed Sojobo
 44704 | Vaults:4 | Noticed an ancient lich
 44778 | Vaults:4 | Killed an ancient lich
 44802 | Vaults:4 | Received a gift from Trog
 44802 | Vaults:4 | Reached XP level 22. HP: 172/204 MP: 21/21
 45330 | Vaults:4 | Found a portal to a secret trove of treasure.
 45681 | Elf:1    | Bought a +4 ring of slaying for 1248 gold pieces
 46052 | Vaults:4 | You paid a toll of a +4 ring of slaying to enter a treasure
                  | trove
 46053 | Trove    | Entered a treasure trove
 46056 | Trove    | Found the +4 moon troll leather armour {Spirit, Regen++
                  | MP+5}
 46056 | Trove    | Found the +3 pair of gauntlets of War {Slay+5}
 46061 | Trove    | Got a polished ring mail
 46077 | Trove    | Got a spiked plate armour
 46095 | Trove    | Identified the +6 ring mail of Fun and Games {MP+9 Slay+4}
                  | (You found it in a treasure trove)
 46144 | Trove    | Identified a +1 pair of boots of running (You found it in a
                  | treasure trove)
 46149 | Trove    | Identified the +8 plate armour of Yntutre {rPois rC- Str+4
                  | Int+3} (You found it in a treasure trove)
 46160 | Trove    | Got a scorched cloak
 46162 | Trove    | Got a pair of distressingly furry boots
 46166 | Trove    | Got a pair of translucent boots
 46205 | Vaults:4 | Identified the +2 cloak of the Orb Guardian {+Fly rElec}
                  | (You found it in a treasure trove)
 46217 | Vaults:4 | Identified the +0 pair of boots "Jecraawn" {rN+ MR+} (You
                  | found it in a treasure trove)
 46227 | Vaults:4 | Identified the +1 pair of boots of Gravitas {rCorr Dex+3
                  | Slay+3} (You found it in a treasure trove)
 46483 | Vaults:4 | Found Dagriele's Antique Armour Shop.
 46713 | Depths:1 | Entered Level 1 of the Depths
 46911 | D:8      | Bought an uncursed ring of protection from cold for 275
                  | gold pieces
 47118 | Depths:1 | Reached skill level 27 in Shields
 47332 | Depths:1 | Found Agudit's Armour Emporium.
 47352 | Depths:1 | Found Dexzifer's Magic Scroll Emporium.
 47352 | Depths:1 | Found Enu Cuqa's Book Shoppe.
 47357 | Depths:1 | Found Buimethri's Food Shoppe.
 47439 | Depths:1 | Received a gift from Trog
 48507 | Depths:2 | Noticed a golden dragon
 48527 | Depths:2 | Killed a golden dragon
 48541 | Depths:2 | Received a gift from Trog
 48983 | Depths:2 | Reached XP level 23. HP: 157/216 MP: 22/22
 49748 | Depths:3 | Received a gift from Trog
 49898 | Depths:3 | Found a gateway to a ziggurat.
 50007 | Depths:3 | Found a one-way gate leading to the halls of Pandemonium.
 50110 | Depths:3 | Noticed Xtahua
 50117 | Depths:3 | Killed Xtahua
 50192 | Depths:3 | Got a pitted ivory amulet
 50219 | Depths:3 | Identified the amulet "Dugos" {RegenMP +Blink Int+7 Slay-5}
                  | (You took it off a deep elf demonologist on level 3 of the
                  | Depths)
 50539 | Depths:4 | Noticed a juggernaut
 50551 | Depths:4 | Killed a juggernaut
 50838 | Depths:4 | Found Yfofearph's Book Shop.
 50850 | Depths:4 | Received a gift from Trog
 51073 | Depths:4 | Received a gift from Trog
 51228 | Depths:4 | Reached XP level 24. HP: 231/231 MP: 19/22
 51928 | Depths:4 | Received a gift from Trog
 51955 | Depths:4 | Found a one-way gate to the infinite horrors of the Abyss.
 52058 | Depths:5 | Entered Level 5 of the Depths
 52498 | Depths:5 | Noticed a juggernaut
 52506 | Depths:5 | Killed a juggernaut
 52605 | Depths:5 | Received a gift from Trog
 52842 | Depths:5 | Found a gate to the Realm of Zot.
 52892 | Depths:5 | Received a gift from Trog
 54125 | Depths:5 | Got a pitted steel amulet
 54128 | Depths:5 | Identified the amulet "Itaryry" {Harm *Drain Stlth+} (You
                  | acquired it on level 5 of the Depths)
 54415 | Crypt:1  | Entered Level 1 of the Crypt
 54523 | Crypt:1  | Reached XP level 25. HP: 222/245 MP: 20/22
 54568 | Crypt:1  | Received a gift from Trog
 54697 | Crypt:1  | Got a crude shield
 54708 | Crypt:1  | Identified the +7 shield "Raffaed" {Regen+ Int+3 Dex-5}
                  | (You found it on level 1 of the Crypt)
 55171 | Crypt:2  | Got a pair of twisted gloves
 55222 | Crypt:2  | Identified the +2 pair of gloves of Hairheum {rElec} (You
                  | found it on level 2 of the Crypt)
 55704 | Crypt:3  | Entered Level 3 of the Crypt
 55717 | Crypt:3  | Received a gift from Trog
 55876 | Crypt:3  | Reached skill level 15 in Long Blades
 56044 | Crypt:3  | Reached skill level 10 in Dodging
 56187 | Crypt:3  | Found an ancient bone altar of Kikubaaqudgha.
 56248 | Crypt:3  | Received a gift from Trog
 56572 | Crypt:3  | Got a twisted short sword
 56575 | Crypt:3  | Identified the Almanac of Unholy Secrets
 56719 | Crypt:3  | Got a warped gossamer ring
 56719 | Crypt:3  | Got a shimmering wooden ring
 56723 | Crypt:3  | Lost intelligence.
 56723 | Crypt:3  | Identified the +5 short sword of Arrival {freeze, Str+7
                  | Int-4 Dex+5} (You found it on level 3 of the Crypt)
 56733 | Crypt:3  | Identified the ring "Eheuq" {rN+ Str-4 Dex+6} (You found it
                  | on level 3 of the Crypt)
 56736 | Crypt:3  | Identified the ring "Imugink" {*Slow rN+ Int+6 Dex+4} (You
                  | found it on level 3 of the Crypt)
 56741 | Crypt:3  | Got a vibrating ivory ring
 56743 | Crypt:3  | Identified the ring "Riroh" {rElec rN+} (You found it on
                  | level 3 of the Crypt)
 56947 | Crypt:3  | Found a staircase to the Tomb.
 57381 | Crypt:3  | Received a gift from Trog
 57486 | Tomb:1   | Entered Level 1 of the Tomb of the Ancients
 57902 | Hell     | Entered the Vestibule of Hell
 57902 | Hell     | Noticed Geryon
 57936 | Hell     | Killed Geryon
 57959 | Hell     | Gained mutation: You tend to lose your temper in combat.
                  | [mutagenic glow]
 58003 | Hell     | Noticed Murray
 58632 | Hell     | Killed Murray
 58698 | Hell     | Found a gateway to the ashen valley of Gehenna.
 58812 | Hell     | Found a gateway to the decaying netherworld of Tartarus.
 58894 | Hell     | Found a gateway to the freezing wastes of Cocytus.
 58981 | Hell     | Found a gateway to the Iron City of Dis.
 59368 | Vaults:5 | Entered Level 5 of the Vaults
 59371 | Vaults:5 | Noticed an ancient lich
 59375 | Vaults:5 | Received a gift from Trog
 59397 | Vaults:5 | Reached XP level 26. HP: 258/258 MP: 7/22
 59409 | Vaults:5 | Killed an ancient lich
 60189 | Vaults:5 | Got a scorched steel ring
 60537 | Vaults:5 | Found the +7 great mace "Undeadhunter" {disrupt, rN+}
 60622 | Vaults:5 | Identified Uhyl's Handbook of Venom and Unholy Arts
 60651 | Vaults:5 | Received a gift from Trog
 60806 | Vaults:5 | Found the ring of Phasing {EV+8}
 61111 | Vaults:5 | Got a silver rune of Zot
 61614 | Vaults:5 | Identified the ring of Temptation {Wiz rF- rN+ Dex+3} (You
                  | found it on level 5 of the Vaults)
 61629 | Vaults:5 | Found Gunenoat's Antique Weapon Emporium.
 61757 | Vaults:5 | Noticed an ancient lich
 61791 | Vaults:5 | Killed an ancient lich
 62435 | Geh:1    | Entered Level 1 of Gehenna
 62852 | Geh:1    | Received a gift from Trog
 63355 | Geh:1    | Reached skill level 27 in Fighting
 63439 | Geh:1    | Reached XP level 27. HP: 272/273 MP: 22/22
 64292 | Geh:2    | Received a gift from Trog
 64795 | Geh:2    | Lost intelligence.
 64836 | Geh:2    | Received a gift from Trog
 65292 | Hell     | Gained mutation: Scrolls take you a little longer to read.
                  | [mutagenic glow]
 65320 | Depths:1 | Gained mutation: You are occasionally teleported next to
                  | monsters. [mutagenic glow]
 65334 | Depths:1 | Gained mutation: Armour fits poorly on your strangely
                  | shaped body. [mutagenic glow]
 65528 | Lair:1   | Lost mutation: You tend to lose your temper in combat.
                  | [potion of mutation]
 65528 | Lair:1   | Lost mutation: Armour fits poorly on your strangely shaped
                  | body. [potion of mutation]
 65528 | Lair:1   | Gained mutation: You are agile. (Dex +2) [potion of
                  | mutation]
 65528 | Lair:1   | Gained mutation: You are somewhat resistant to further
                  | mutation. [potion of mutation]
 65528 | Lair:1   | Gained mutation: You have sharp toenails. [potion of
                  | mutation]
 65626 | Spider:1 | Lost mutation: You are agile. (Dex +2) [potion of mutation]
 65626 | Spider:1 | Lost mutation: You are occasionally teleported next to
                  | monsters. [potion of mutation]
 65626 | Spider:1 | Lost mutation: Your muscles are strong. (Str +2) [potion of
                  | mutation]
 65626 | Spider:1 | Gained mutation: Armour fits poorly on your strangely
                  | shaped body. [potion of mutation]
 65627 | Spider:1 | Lost mutation: Armour fits poorly on your strangely shaped
                  | body. [potion of mutation]
 65627 | Spider:1 | Lost mutation: Scrolls take you a little longer to read.
                  | [potion of mutation]
 65627 | Spider:1 | Lost mutation: You are somewhat resistant to further
                  | mutation. [potion of mutation]
 65627 | Spider:1 | Gained mutation: You are somewhat resistant to further
                  | mutation. [potion of mutation]
 66858 | Geh:3    | Received a gift from Trog
 67214 | Geh:3    | Received a gift from Trog
 68062 | Geh:3    | Received a gift from Trog
 68155 | Geh:3    | Gained mutation: Scrolls take you a little longer to read.
                  | [mutagenic glow]
 68636 | Geh:4    | Received a gift from Trog
 68890 | Geh:4    | Noticed an ancient lich
 68902 | Geh:4    | Received a gift from Trog
 68919 | Geh:4    | Killed an ancient lich
 69513 | Geh:4    | Received a gift from Trog
 69514 | Geh:4    | Got a faintly glowing dagger {god gift}
 70843 | Geh:4    | HP: 5/273 [hellion/damnation (24)]
 70844 | Geh:4    | Killed from afar by a hellion

Skill      XL: |  1  2  3  4  5  6  7  8  9 10 11 12 13 14 15 16 17 18 19 20 21 22 23 24 25 26 27 |
---------------+----------------------------------------------------------------------------------+-----
Long Blades    | 4 5 6 8 9 11 12 13 16 18 22 | 22.8
Fighting       | 4 5 6 7 8 9 10 11 12 13 15 16 17 18 19 20 22 24 25 27 | 27.0
Armour         | 3 4 5 7 9 10 11 12 13 14 15 16 17 18 19 20 21 24 | 24.6
Shields        | 1 3 4 5 7 9 11 13 14 16 17 18 20 21 23 24 25 26 27 | 27.0
Dodging        | 3 4 5 6 7 8 9 10 12 | 12.2
Short Blades   | 2 7 11 13 14 15 16 17 18 20 21 22 23 | 23.6
Stealth        | 1 2 3 4 |  4.8
Evocations     | |  0.6

Action                   |  1- 3 |  4- 6 |  7- 9 | 10-12 | 13-15 | 16-18 | 19-21 | 22-24 | 25-27 || total
-------------------------+-------+-------+-------+-------+-------+-------+-------+-------+-------++-------
Melee: Falchion          |    69 |   248 |   393 |   141 |       |       |       |    55 |  2655 ||  3561
       Headbutt          |    15 |    42 |   101 |   188 |   404 |   582 |   840 |   691 |  1536 ||  4399
       Demon blade       |       |       |       |   254 |       |       |       |       |       ||   254
       Rapier            |       |       |       |   295 |  1483 |  1764 |  1993 |  1544 |   539 ||  7618
       Scimitar          |       |       |       |       |       |       |       |     3 |   252 ||   255
       Kick              |       |       |       |       |       |       |       |       |   669 ||   669
Invok: Berserk           |     1 |     1 |     3 |     8 |    10 |    11 |     6 |     4 |    25 ||    69
       Trog's Hand       |       |       |       |       |     2 |     7 |     3 |       |     9 ||    21
       Brothers in Arms  |       |       |       |       |       |     1 |       |       |     5 ||     6
Evoke: Wand              |       |       |       |       |       |       |     3 |     1 |       ||     4
  Use: Scroll            |       |     3 |     5 |     2 |    12 |    16 |     4 |     2 |    17 ||    61
       Potion            |       |       |       |       |     3 |     1 |       |     1 |    13 ||    18
 Stab: Sleeping          |       |     1 |       |       |       |     1 |       |       |       ||     2
       Petrifying        |       |       |       |     1 |       |       |       |       |       ||     1
       Petrified         |       |       |       |     1 |       |       |       |       |       ||     1
       Distracted        |       |       |       |       |       |     1 |     1 |       |     1 ||     3
       Confused          |       |       |       |       |       |       |       |     1 |       ||     1
       Invisible         |       |       |       |       |       |       |       |       |     1 ||     1
  Eat: Chunk             |       |    10 |    10 |    20 |    28 |    42 |    25 |    28 |    27 ||   190
       Ration            |       |       |     1 |     1 |     6 |     3 |     4 |     2 |    18 ||    35
Armor: Ring mail         |    34 |    34 |       |       |       |    55 |       |       |    43 ||   166
       Plate armour      |       |    59 |   108 |   195 |   246 |   181 |   331 |   314 |   100 ||  1534
       Leather armour    |       |       |       |       |     9 |       |       |       |       ||     9
       Chain mail        |       |       |       |       |       |    61 |       |       |   149 ||   210
       Crystal plate arm |       |       |       |       |       |    36 |       |       |       ||    36
       Gold dragon scale |       |       |       |       |       |       |       |       |   588 ||   588
Dodge: Dodged            |    32 |    42 |    36 |    64 |   157 |   274 |   364 |   370 |   914 ||  2253
Block: Large shield      |    17 |   177 |   291 |   441 |  1018 |  1224 |       |       |       ||  3168
       Shield            |       |       |       |       |       |   249 |  1309 |  1084 |  2926 ||  5568
       Rpst.: Falchion   |     8 |     7 |    11 |     6 |       |       |       |       |   243 ||   275
       Demon blade       |       |       |       |     4 |       |       |       |       |       ||     4
       Rapier            |       |       |       |       |       |    12 |    66 |     4 |    11 ||    93
       Scimitar          |       |       |       |       |       |       |       |       |    47 ||    47
